 Dungeon Crawl Stone Soup version 0.29.1-12-g30fa7ad0bf (webtiles) character file.

Game seed: 431794492214708059

38504 Coaxmetal the Fighter (level 14, 0/92 HPs)
             Began as a Gargoyle Earth Elementalist on Dec 18, 2022.
             Was an Elder of Vehumet.
             Slain by a death yak (6 damage)
             ... on level 5 of the Lair of Beasts.
             The game lasted 00:46:14 (21523 turns).

Coaxmetal the Fighter (GrEE)                       Turns: 21523, Time: 00:46:15

Health: 0/92       AC: 19    Str: 11    XL:     14   Next: 2%
Magic:  3/29       EV: 15    Int: 20    God:    Vehumet [****..]
Gold:   720        SH:  5    Dex: 12    Spells: 11/35 levels left

rFire   . . .      SeeInvis +   a - +3 whip (spect)
rCold   . . .      Faith    .   (no shield)
rNeg    + . .      Spirit   .   h - +0 steam dragon scales
rPois   ∞          Reflect  +   d - +1 helmet {SInv}
rElec   +          Harm     .   c - +0 cloak
rCorr   .          Rampage  .   (no gloves)
Will    ++...                   (no boots)
Stlth   +++.......              i - amulet of reflection
HPRegen 0.25/turn               j - ring of flight
MPRegen 0.21/turn               P - ring of willpower

@: flying, hasted, very quick
A: sickness immunity, AC +10, big wings, negative energy resistance 1,
electricity resistance, torment resistance 1, petrification resistance, shaggy
fur 1
a: Renounce Religion


You were on level 5 of the Lair of Beasts.
You worshipped Vehumet.
Vehumet was greatly pleased with you.
You visited 3 branches of the dungeon, and saw 17 of its levels.

You collected 720 gold pieces.

Inventory:

Hand Weapons
 a - a +3 spectral whip (weapon)
 b - a +0 sling
 E - a +4 dagger of holy wrath
Missiles
 V - a throwing net
Armour
 c - a +0 cloak (worn)
 d - a +1 helmet of see invisible (worn)
 h - +0 steam dragon scales (worn)
Jewellery
 i - an amulet of reflection (around neck)
 j - a ring of flight (left hand)
 l - an amulet of faith
 n - a ring of fire
 r - an amulet of magic regeneration
 I - an amulet of guardian spirit
 P - a ring of willpower (right hand)
 S - a ring of positive energy
 U - a ring of see invisible
Wands
 x - a wand of paralysis (39)
 N - a wand of mindburst (7)
 T - a wand of iceblast (6)
Scrolls
 m - 3 scrolls of silence
 o - 8 scrolls of identify
 p - 2 scrolls of amnesia
 q - a scroll of summoning
 t - a scroll of butterflies
 u - 3 scrolls of immolation
 y - 3 scrolls of enchant weapon
 z - 4 scrolls of blinking
 A - 6 scrolls of teleportation
 D - a scroll of magic mapping
Potions
 e - 4 potions of might
 f - 3 potions of cancellation
 k - 3 potions of magic
 s - 6 potions of curing
 H - a potion of ambrosia
Miscellaneous
 O - a condenser vane


   Skills:
 + Level 12.5 Fighting
 - Level 5.0 Maces & Flails
 + Level 8.4 Dodging
 - Level 5.0 Stealth
 * Level 11.3 Spellcasting
 - Level 6.0 Conjurations
 - Level 2.0 Hexes
 - Level 5.4 Summonings
 - Level 2.0 Translocations
 - Level 0.7 Transmutations
 + Level 3.3 Ice Magic
 + Level 2.8 Air Magic
 - Level 10.0 Earth Magic


You had 11 spell levels left.
You knew the following spells:

 Your Spells              Type           Power      Damage    Failure   Level
a - Sandblast             Erth           100%       2d20      1%          1
b - Stone Arrow           Conj/Erth      86%        3d12      1%          3
c - Blink                 Tloc           38%        N/A       4%          2
d - Slow                  Hex            76%        N/A       2%          1
e - Summon Cactus Giant   Summ           16%        N/A       69%         6
f - Mephitic Cloud        Conj/Pois/Air  23%        N/A       1%          3
g - Ignite Poison         Fire/Tmut/Pois 12%        N/A       4%          3
h - Freezing Cloud        Conj/Ice/Air   13%        6-21      9%          5

Your spell library contained the following spells:

 Spells                   Type           Power      Damage    Failure   Level
 Dazzling Flash           Conj/Hex       54%        N/A       1%          3
 Summon Small Mammal      Summ           100%       N/A       1%          1
 Passwall                 Tmut/Erth      26%        N/A       1%          2
 Poisonous Vapours        Pois/Air       34%        N/A       1%          2
 Apportation              Tloc           38%        N/A       2%          1
 Scorch                   Fire           22%        2d6       2%          2
 Flame Wave               Conj/Fire      23%        2d8       4%          4
 Necrotise                Necr           44%        1d6       6%          1
 Wereblood                Tmut           14%        N/A       7%          2
 Petrify                  Tmut/Erth      32%        N/A       7%          4
 Confusing Touch          Hex            19%        N/A       8%          3
 Gell's Gravitas          Tloc           19%        N/A       8%          3
 Lesser Beckoning         Tloc           19%        N/A       8%          3
 Teleport Other           Tloc           19%        N/A       8%          3
 Vampiric Draining        Necr           11%        2d6       19%         3
 Corpse Rot               Necr/Pois/Air  15%        N/A       38%         4
 Manifold Assault         Tloc           19%        N/A       58%         5
 Alistair's Intoxication  Tmut/Pois      8%         N/A       82%         5
 Dispersal                Tloc           9%         N/A       99%         6
 Summon Hydra             Summ           16%        N/A       99%         7
 Sublimation of Blood     Necr           Unusable   N/A       N/A         2

Dungeon Overview and Level Annotations

Branches:
Dungeon (11/15)            Temple (1/1) D:7            Lair (5/5) D:9
 Shoals (0/4) Lair:3        Snake (0/4) Lair:3        Slime (0/5) Lair:4
    Orc: D:9-12

Altars:
Ashenzari
Cheibriados
Dithmenos
Elyvilon
Fedhas
Gozag
Hepliaklqana
Kikubaaqudgha
Makhleb
Nemelex Xobeh
Okawaru
Qazlal
Ru
Sif Muna
Uskayaw
Vehumet
Wu Jian
Xom
Yredelemnul
Zin
The Shining One

Shops:
D:3 :   D:9 *

Annotations:
D:2 1 runed translucent door, Crazy Yiuf
D:9 2 transporters, Ihaveafatcat's ghost, novice MiFi
D:11 Psyche
Lair:5 0gre's ghost, journeyman GnIE


Innate Abilities, Weirdness & Mutations

You are immune to sickness and miasma.
Your stone body is resilient. (AC +10)
You are immune to poison.
Your large and strong wings let you fly.
You resist negative energy. (rN+)
You are resistant to electric shocks. (rElec)
You are resistant to unholy torment.
You are immune to petrification.
You are covered in fur. (AC +1)


Message History

The death yak attacks as you move away! The death yak gores you.
* * * LOW HITPOINT WARNING * * *
The death yak is engulfed in noxious fumes.
The death yak is engulfed in noxious fumes.
The death yak appears confused.
The death yak seems less confused.
Okay, then.
Casting: Mephitic Cloud (safe; 1% risk of failure)
Confirm with . or Enter, or press ? or * to list all spells.
Aiming: Mephitic Cloud (safe; 1% risk of failure)
Press: ? - help, Shift-Dir - straight line, f - death yak
Aim: a death yak (chance to affect: 34%)
The ball explodes into a vile cloud!
The stinking cloud engulfs the death yak but does no damage.
The stinking cloud engulfs you but does no damage.
The death yak is engulfed in noxious fumes.
The death yak gores you!
* * * LOW HITPOINT WARNING * * *
The death yak is engulfed in noxious fumes.
Casting: Mephitic Cloud (safe; 1% risk of failure)
Confirm with . or Enter, or press ? or * to list all spells.
Aiming: Mephitic Cloud (safe; 1% risk of failure)
Press: ? - help, Shift-Dir - straight line, f/p - death yak
Aim: a death yak (chance to affect: 34%)
The ball explodes into a vile cloud!
The stinking cloud engulfs the death yak but does no damage.
The stinking cloud engulfs you but does no damage.
The death yak is engulfed in noxious fumes.
The death yak closely misses you.
Unknown command.
The death yak attacks as you move away!
The death yak gores you but does no damage.
The death yak is engulfed in noxious fumes.
The death yak is engulfed in noxious fumes.
The death yak attacks as you move away! The death yak gores you.
* * * LOW HITPOINT WARNING * * *
You feel better. The death yak gores you!
* * * LOW HITPOINT WARNING * * *
You feel yourself speed up. The death yak gores you.
You die...

####.##...##.#............##
# #.####..#.#............#.#
##### #...####............##
.# #...# ##..........## .#
##..# #...........# ##
####P.## #..........##
####.##..## ##.........##
#.###.....# #Y.........#
..........######@###....###
P#.#P#.......##.####....##
########.#..##.#.##......##
# ###.............#..#
###.P..#.##..#.###
#..#.########## ####.# ###


You could see a death yak.

Vanquished Creatures
  Gastronok (Lair:1)
  A hydra (Lair:2)
  2 catoblepae (Lair:5)
  2 two-headed ogres
  Urug (Lair:4)
  3 death yaks (Lair:5)
  A lindwurm (Lair:2)
  Pikel (D:4)
  A manticore (Lair:2)
  Joseph (D:7)
  5 black mambas
  9 elephants (Lair:5)
  7 cane toads
  An ice statue (D:9)
  5 rime drakes
  Maggie (D:7)
  5 kobold demonologists (D:10)
  5 komodo dragons
  2 trolls
  7 polar bears
  A hornet (D:9)
  A wind drake (Lair:2)
  7 dream sheep (Lair:5)
  15 blink frogs
  A shadow (D:10)
  4 wyverns
  2 steam dragons
  2 basilisks (Lair:1)
  33 yaks
  3 nagas (Lair:3)
  15 water moccasins
  An acid dragon (D:9)
  6 black bears
  2 ice beasts
  3 orc warriors
  8 wolves
  3 ogres
  8 centaurs
  3 kobold brigands
  10 bullfrogs
  Blork the orc (D:4)
  2 necrophages
  2 scorpions
  11 wights
  4 killer bees
  An electric eel (Lair:3)
  6 orc priests
  A hound (D:5)
  Jessica (D:2)
  Ijyb (D:4)
  5 iguanas
  4 orc wizards
  8 hell rats
  4 gnolls
  8 adders
  2 white imps
  An ufetubus (D:7)
  2 worms
  A dart slug (D:3)
  37 orcs
  5 ball pythons
  3 bats
  5 endoplasms
  6 giant cockroaches
  11 goblins
  10 hobgoblins
  6 jackals
  22 kobolds
  5 quokkas
  A frilled lizard (D:1)
  2 rats
367 creatures vanquished.

Vanquished Creatures (others)
  33 fungi
  60 plants
93 creatures vanquished.

Grand Total: 460 creatures vanquished

Notes
Turn   | Place    | Note
-------+----------+-------------------------------------------
     0 | D:1      | Coaxmetal the Gargoyle Earth Elementalist began the quest
                  | for the Orb.
     0 | D:1      | Reached XP level 1. HP: 10/10 MP: 3/3
    31 | D:1      | Noticed a water moccasin
    31 | D:1      | Noticed a wyvern
    31 | D:1      | Noticed a black bear
    32 | D:1      | Noticed a redback
   265 | D:1      | Reached XP level 2. HP: 16/16 MP: 3/5
   371 | D:1      | Reached skill level 1 in Fighting
   639 | D:1      | Reached XP level 3. HP: 19/20 MP: 2/6
  1211 | D:2      | Noticed Jessica
  1236 | D:1      | Learned a level 3 spell: Stone Arrow
  1244 | D:2      | Killed Jessica
  1245 | D:2      | Reached XP level 4. HP: 26/26 MP: 4/7
  1251 | D:2      | Reached skill level 2 in Fighting
  1421 | D:2      | Found a faded altar of an unknown god.
  1777 | D:2      | Found a runed translucent door.
  1778 | D:2      | Noticed Crazy Yiuf
  2085 | D:3      | Reached XP level 5. HP: 10/31 MP: 0/8
  2239 | D:3      | Reached skill level 1 in Conjurations
  2927 | D:3      | Found Lonauq's Book Shoppe.
  3262 | D:4      | Noticed Blork the orc
  3274 | D:4      | Killed Blork the orc
  3275 | D:4      | Reached skill level 3 in Fighting
  3275 | D:4      | Reached skill level 5 in Earth Magic
  3275 | D:4      | Reached XP level 6. HP: 19/37 MP: 8/10
  3581 | D:4      | Noticed Ijyb
  3584 | D:4      | Paralysed by Ijyb for 3 turns
  3591 | D:4      | Killed Ijyb
  3843 | D:4      | Noticed Pikel
  3849 | D:4      | Killed Pikel
  3850 | D:4      | Reached skill level 4 in Fighting
  3850 | D:4      | Reached XP level 7. HP: 44/44 MP: 2/12
  4025 | D:5      | Entered Level 5 of the Dungeon
  4050 | D:5      | Reached XP level 8. HP: 48/48 MP: 13/13
  4233 | D:5      | Reached skill level 5 in Fighting
  4965 | D:6      | Found a shadowy altar of Dithmenos.
  4987 | D:6      | Reached skill level 5 in Stealth
  5108 | D:6      | Reached skill level 6 in Fighting
  5241 | D:6      | Reached XP level 9. HP: 46/55 MP: 6/15
  5332 | D:6      | Reached skill level 1 in Maces & Flails
  6053 | D:7      | Noticed Maggie
  6356 | D:7      | Killed Maggie
  6357 | D:7      | Reached skill level 7 in Fighting
  6569 | D:7      | Noticed Joseph
  6704 | D:7      | Found an ornate altar of the Wu Jian Council.
  6707 | D:7      | Found a white marble altar of Elyvilon.
  6767 | D:7      | Noticed a two-headed ogre
  6777 | D:7      | Killed a two-headed ogre
  6778 | D:7      | Reached skill level 5 in Spellcasting
  6778 | D:7      | Reached XP level 10. HP: 64/64 MP: 8/17
  6837 | D:7      | Found a staircase to the Ecumenical Temple.
  6861 | D:7      | Reached skill level 8 in Fighting
  6991 | Temple   | Entered the Ecumenical Temple
  6991 | Temple   | Found a transporter.
  6991 | Temple   | Found a transporter.
  6993 | Temple   | Found a transporter.
  6993 | Temple   | Found a transporter.
  7025 | Temple   | Became a worshipper of Vehumet
  7069 | D:7      | Killed Joseph
  7070 | D:7      | Reached skill level 5 in Maces & Flails
  7861 | D:8      | Reached skill level 5 in Dodging
  7865 | D:8      | Reached skill level 9 in Fighting
  8215 | D:8      | Found a stormy altar of Qazlal.
  8224 | D:8      | Found a hazy altar of Hepliaklqana.
  8225 | D:8      | Found a broken altar of Ashenzari.
  8822 | D:8      | Reached * piety under Vehumet
  8822 | D:8      | Offered knowledge of Freeze by Vehumet.
  9071 | D:9      | Noticed a two-headed ogre
  9386 | D:8      | Learned a level 2 spell: Blink
  9388 | D:8      | Learned a level 1 spell: Slow
  9550 | D:9      | Found a staircase to the Lair.
  9837 | D:9      | Reached skill level 1 in Hexes
  9837 | D:9      | Reached skill level 1 in Translocations
 10101 | D:9      | Noticed an ice statue
 10220 | D:9      | Killed an ice statue
 10221 | D:9      | Reached skill level 10 in Fighting
 10221 | D:9      | Reached XP level 11. HP: 66/72 MP: 13/20
 10264 | D:9      | Found Vistolaw's Elemental Accessories.
 10345 | D:9      | You are sucked into a shaft and drop 2 floors!
 10348 | D:11     | Noticed Psyche
 10367 | D:11     | Noticed a two-headed ogre
 10397 | D:10     | Entered Level 10 of the Dungeon
 11940 | D:9      | Found a transporter.
 12594 | D:9      | Killed a two-headed ogre
 12873 | D:9      | Noticed a moth of wrath
 12878 | D:9      | Noticed Ihaveafatcat's ghost (novice MiFi)
 12878 | D:9      | Noticed an ice dragon
 12888 | D:9      | Found a transporter.
 13342 | D:11     | Noticed a four-headed hydra
 13342 | D:11     | Noticed a manticore
 13388 | Lair:1   | Entered Level 1 of the Lair of Beasts
 13445 | Lair:1   | Reached skill level 5 in Conjurations
 13861 | Lair:1   | Gained mutation: You are covered in fur. (AC +1) [potion of
                  | mutation]
 13983 | Lair:1   | Noticed Gastronok
 13996 | Lair:1   | Killed Gastronok
 13996 | Lair:1   | Offered knowledge of Shock by Vehumet.
 14431 | Lair:1   | Learned a level 6 spell: Summon Cactus Giant
 14453 | Lair:2   | Noticed a lindwurm
 14457 | Lair:2   | Reached skill level 11 in Fighting
 14465 | Lair:1   | Reached XP level 12. HP: 41/80 MP: 10/24
 14664 | Lair:2   | Reached skill level 1 in Summonings
 14797 | Lair:2   | Reached ** piety under Vehumet
 16078 | Lair:2   | Noticed an eight-headed hydra
 16098 | Lair:2   | Killed an eight-headed hydra
 16098 | Lair:2   | Offered knowledge of Ignite Poison by Vehumet.
 16839 | Lair:3   | Reached *** piety under Vehumet
 17161 | Lair:3   | Found a staircase to the Shoals.
 17547 | Lair:3   | Reached skill level 10 in Spellcasting
 17702 | Lair:3   | Identified the +4 chain mail "Gacag" {Harm Fly Int+4}
 17775 | Lair:3   | Found a staircase to the Snake Pit.
 17990 | Lair:3   | Reached XP level 13. HP: 85/85 MP: 23/27
 18191 | Lair:4   | Reached skill level 5 in Summonings
 18227 | Lair:4   | Offered knowledge of Fulminant Prism by Vehumet.
 18781 | Lair:4   | Learned a level 3 spell: Mephitic Cloud
 18785 | Lair:4   | Learned a level 3 spell: Ignite Poison
 18791 | Lair:4   | Learned a level 5 spell: Freezing Cloud
 18832 | Lair:4   | Reached skill level 12 in Fighting
 19142 | Lair:4   | Noticed Urug
 19164 | Lair:4   | Killed Urug
 19165 | Lair:4   | Reached skill level 1 in Ice Magic
 19573 | Lair:4   | Found a staircase to the Slime Pits.
 19886 | Lair:5   | Entered Level 5 of the Lair of Beasts
 19911 | Lair:5   | Reached skill level 1 in Air Magic
 20124 | Lair:5   | Reached **** piety under Vehumet
 20307 | Lair:5   | Offered knowledge of Dazzling Flash by Vehumet.
 20416 | Lair:5   | Reached skill level 10 in Earth Magic
 20568 | Lair:5   | Found a basalt altar of Yredelemnul.
 21150 | Lair:5   | Noticed 0gre's ghost (journeyman GnIE)
 21152 | Lair:5   | Noticed an ice dragon
 21442 | Lair:5   | Gained mutation: Your large and strong wings let you fly.
                  | [Gargoyle growth]
 21442 | Lair:5   | Reached XP level 14. HP: 29/92 MP: 14/29
 21523 | Lair:5   | Slain by a death yak

Illustrated notes

Levels and vault maps discovered:
D:1:      onia_arrival_zoo_common, layout_loops_corners,
          minmay_worlds_worst_comb
D:2:      layout_loops_ring, shapermc_ecumenical_altar_mp_urbaneastern,
          serial_bayou_pond_b, uniq_crazy_yiuf_cottage, uniq_jessica
D:3:      layout_rooms, serial_shops, shop_fountains, serial_curves,
          eino_curves_04, eino_curves_02, eino_curves_01
D:4:      layout_basic, uniq_pikel, uniq_blork_the_orc, uniq_ijyb
D:5:      layout_basic, st_stairs_1, minmay_strange_pillars,
          corexii_checkpoint_a
D:6:      layout_basic, nicolae_dithmenos_through_a_glass_darkly
D:7:      layout_rooms, nicolae_overflow_hidden_temple,
          minmay_temple_entry_arrows, uniq_joseph, uniq_maggie
D:8:      layout_cave_pods, minitemple, amcnicky_mini_rare_corridor_liquid
D:9:      layout_layer_cave, dpeg_oklobed_lair,
          gammafunk_ghost_berserking_beasts, nicolae_elemental_shop,
          minivault_15
D:10:     layout_grid_maze
D:11:     layout_basic, serial_shops, shop, led_sif_pool, uniq_psyche
Temple:   hellmonk_temple_divided_pantheon
Lair:1:   layout_cave_shapes, grunt_megastairs_4, uniq_gastronok
Lair:2:   layout_gridlike, st_stairs_12, beast_lair_carwin_4
Lair:3:   layout_cave_pods, minmay_shoals_entry_beasts,
          minmay_snake_entry_guardpost_small, serial_bayou_shore_a,
          grunt_megastairs_5, lemuel_fruit_fields
Lair:4:   layout_cave_pods, dpeg_slime_entry_corner, lemuel_fruit_tree,
          infiniplex_staircase_pool_2, serial_bayou_shore_b, uniq_urug
Lair:5:   grunt_lair_end_beastmaster, layout_cave_pods, gammafunk_ghost_icy,
          lemuel_centaur_altar

Skill      XL: |  1  2  3  4  5  6  7  8  9 10 11 12 13 |
---------------+----------------------------------------+-----
Fighting       | 1 2 3 4 6 7 10 11 12 | 12.5
Earth Magic    | 4 5 6 7 8 9 10 | 10.0
Dodging        | 2 3 4 5 6 7 8 |  8.4
Stealth        | 3 4 5 |  5.0
Conjurations   | 1 2 3 5 6 |  6.0
Spellcasting   | 3 4 5 6 8 10 11 | 11.3
Maces & Flails | 4 5 |  5.0
Hexes          | 1 2 |  2.0
Translocations | 1 2 |  2.0
Summonings     | 4 5 |  5.4
Ice Magic      | 3 |  3.3
Air Magic      | 2 |  2.8
Transmutations | |  0.7

Action                   |  1- 3 |  4- 6 |  7- 9 | 10-12 | 13-15 || total
-------------------------+-------+-------+-------+-------+-------++-------
Melee: Sling             |       |     2 |       |       |       ||     2
       Dagger            |       |     1 |       |       |       ||     1
       Whip              |       |       |    29 |    94 |    76 ||   199
       Punch             |       |       |     2 |       |     3 ||     5
 Fire: Sling             |     7 |    72 |    17 |     1 |       ||    97
Throw: Throwing net      |       |       |     1 |       |       ||     1
 Cast: Sandblast         |    37 |    67 |    77 |   313 |   152 ||   646
       Stone Arrow       |       |     4 |    33 |   169 |    42 ||   248
       Slow              |       |       |       |    30 |    15 ||    45
       Blink             |       |       |       |     1 |       ||     1
       Mephitic Cloud    |       |       |       |       |    26 ||    26
       Ignite Poison     |       |       |       |       |     9 ||     9
       Freezing Cloud    |       |       |       |       |     1 ||     1
Evoke: Wand              |       |     1 |     5 |     5 |       ||    11
  Use: Potion            |       |       |     4 |    12 |     2 ||    18
       Scroll            |       |       |       |    16 |       ||    16
 Stab: Petrified         |       |       |       |       |    10 ||    10
       Confused          |       |       |       |       |     4 ||     4
Armor: Robe              |     5 |    32 |    15 |       |       ||    52
       Skin              |       |       |    10 |       |       ||    10
       Steam dragon scal |       |       |     6 |   183 |    75 ||   264
Dodge: Dodged            |     9 |    65 |    54 |   343 |   125 ||   596
Block: Other             |       |       |       |   110 |    31 ||   141
       Reflection        |       |       |       |     7 |     3 ||    10
